2807 views
Uploaded 2020-02-16 20:55:47
Game version 1.32 / 1.32.1
23:31 long 4on4 ladder game on (8)MarketSquare
Saved by TALONSARIMBA
2807 views
Uploaded 2020-02-16 20:55:47
Game version 1.32 / 1.32.1
23:31 long 4on4 ladder game on (8)MarketSquare


152 units @ 21.8k
/ 3.9k
62 buildings @ 9.2k
/ 3.5k

| Healing Salve | 2 | 200 |
| Potion of Mana | 1 | 200 |
| Potion of Healing | 2 | 300 |
| Orb of Lightning | 1 | 375 |
| total: | 6 | 1075g |
| Peon | 9 | 675 | / | 0 |
| Grunt | 6 | 1200 | / | 0 |
| Tauren | 7 | 1960 | / | 560 |
| Shaman | 10 | 1300 | / | 200 |
| total: | 32 | 5135g | / | 760w |
| Altar of Storms | 1 | 180 | / | 50 |
| Orc Burrow | 10 | 1600 | / | 400 |
| Barracks | 1 | 180 | / | 50 |
| War Mill | 1 | 205 | / | 0 |
| Voodoo Lounge | 1 | 130 | / | 30 |
| Spirit Lodge | 2 | 300 | / | 300 |
| Tauren Totem | 3 | 405 | / | 465 |
| Stronghold | 1 | 315 | / | 190 |
| Fortress | 1 | 325 | / | 190 |
| total: | 19 | 3000g | / | 1295w |
| 0:02 | Peon |
| 0:02 | Peon |
| 0:03 | Peon |
| 0:18 | Altar of Storms |
| 0:24 | Orc Burrow |
| 0:34 | Peon |
| 1:01 | Barracks |
| 1:06 | Orc Burrow |
| 1:43 | Peon |
| 1:44 | Peon |
| 2:08 | Orc Burrow |
| 2:26 | War Mill |
| 2:30 | Grunt |
| 3:05 | Voodoo Lounge |
| 3:17 | Wind Walk |
| 3:33 | Grunt |
| 3:56 | Grunt |
| 3:57 | Grunt |
| 4:26 | Healing Salve |
| 4:31 | Stronghold |
| 5:03 | Critical Strike |
| 5:18 | Grunt |
| 5:18 | Grunt |
| 6:34 | Critical Strike |
| 7:17 | Fortress |
| 7:22 | Spirit Lodge |
| 7:25 | Tauren Totem |
| 7:29 | Tauren Totem |
| 7:33 | Spirit Lodge |
| 7:35 | Orc Burrow |
| 7:42 | Tauren Totem |
| 7:48 | Healing Salve |
| 7:49 | Potion of Mana |
| 7:49 | Potion of Healing |
| 8:32 | Orc Burrow |
| 8:39 | Shaman Adept Training |
| 9:15 | Orc Burrow |
| 9:40 | Tauren |
| 9:45 | Peon |
| 9:45 | Peon |
| 9:53 | Shaman Master Training |
| 9:55 | Shaman |
| 10:00 | Peon |
| 10:20 | Tauren |
| 10:33 | Tauren |
| 11:14 | Tauren |
| 11:15 | Shaman |
| 11:17 | Shaman |
| 11:20 | Orc Burrow |
| 11:35 | Shaman |
| 12:12 | Orc Burrow |
| 12:57 | Wind Walk |
| 13:37 | Critical Strike |
| 14:19 | Shaman |
| 14:19 | Shaman |
| 14:20 | Shaman |
| 14:20 | Shaman |
| 14:31 | Tauren |
| 14:32 | Tauren |
| 14:35 | Tauren |
| 15:13 | Shaman |
| 15:15 | Shaman |
| 16:56 | Orb of Lightning |
| 17:11 | Potion of Healing |
| 19:46 | Orc Burrow |
| 20:49 | Orc Burrow |
| Right click | 822 |
| Select | 213 |
| Select group | 130 |
| Misc. action | 117 |
| Build/train/purchase | 82 |
| Chat | 19 |
| Assign group | 15 |
| Use ability | 6 |
| Remove unit | 1 |

| Wisp | 10 | 600 | / | 0 |
| Archer | 20 | 2600 | / | 200 |
| Druid of the Talon | 4 | 580 | / | 80 |
| Dryad | 5 | 725 | / | 300 |
| total: | 39 | 4505g | / | 580w |
| Altar of Elders | 1 | 180 | / | 50 |
| Moon Well | 5 | 900 | / | 200 |
| Ancient of War | 1 | 150 | / | 60 |
| Hunter's Hall | 1 | 210 | / | 100 |
| Ancient of Wind | 1 | 150 | / | 140 |
| Ancient of Lore | 1 | 155 | / | 145 |
| Tree of Ages | 1 | 320 | / | 180 |
| Tree of Eternity | 1 | 330 | / | 200 |
| total: | 10 | 1745g | / | 695w |
| 0:05 | Wisp |
| 0:06 | Wisp |
| 0:06 | Wisp |
| 0:15 | Altar of Elders |
| 0:20 | Moon Well |
| 0:25 | Wisp |
| 0:40 | Ancient of War |
| 0:47 | Wisp |
| 1:08 | Wisp |
| 1:25 | Moon Well |
| 1:32 | Wisp |
| 1:33 | Wisp |
| 1:51 | Wisp |
| 1:55 | Archer |
| 2:03 | Wisp |
| 2:18 | Archer |
| 2:34 | Archer |
| 2:48 | Moon Well |
| 3:05 | Archer |
| 3:14 | Archer |
| 3:43 | Archer |
| 3:55 | Trueshot Aura |
| 4:03 | Archer |
| 4:17 | Tree of Ages |
| 4:25 | Archer |
| 4:40 | Moon Well |
| 5:07 | Hunter's Hall |
| 6:14 | Searing Arrows |
| 7:19 | Archer |
| 7:19 | Archer |
| 7:19 | Archer |
| 7:22 | Ancient of Wind |
| 7:29 | Ancient of Lore |
| 7:32 | Strength of the Moon |
| 8:03 | Archer |
| 8:22 | Archer |
| 8:26 | Druid of the Talon |
| 8:34 | Moon Well |
| 8:39 | Tree of Eternity |
| 8:47 | Druid of the Talon |
| 8:50 | Dryad |
| 8:51 | Dryad |
| 8:53 | Archer |
| 9:19 | Improved Bows |
| 9:24 | Druid of the Talon |
| 9:27 | Improved Strength of the Moon |
| 9:45 | Archer |
| 9:58 | Abolish Magic |
| 9:59 | Dryad |
| 10:52 | Archer |
| 11:01 | Marksmanship |
| 11:09 | Archer |
| 12:15 | Archer |
| 12:16 | Archer |
| 12:16 | Archer |
| 12:18 | Dryad |
| 12:18 | Dryad |
| 12:21 | Druid of the Talon |
| 12:23 | Advanced Strength of the Moon |
| 12:57 | Trueshot Aura |
| 14:33 | Searing Arrows |
| 17:07 | Starfall |
| 17:08 | Trueshot Aura |
| 23:06 | Searing Arrows |
| Misc. action | 250 |
| Right click | 227 |
| Select | 187 |
| Select group | 163 |
| Build/train/purchase | 59 |
| Minimap ping | 49 |
| Resource trade | 22 |
| Assign group | 17 |
| Chat | 13 |
| Use ability | 4 |
| Remove unit | 1 |


| Wisp | 12 | 720 | / | 0 |
| Huntress | 14 | 2730 | / | 280 |
| Dryad | 9 | 1305 | / | 540 |
| Mountain Giant | 4 | 1400 | / | 400 |
| total: | 39 | 6155g | / | 1220w |
| Altar of Elders | 1 | 180 | / | 50 |
| Moon Well | 9 | 1620 | / | 360 |
| Hunter's Hall | 1 | 210 | / | 100 |
| Ancient of War | 2 | 300 | / | 120 |
| Ancient of Wonders | 1 | 90 | / | 30 |
| Ancient of Lore | 2 | 310 | / | 290 |
| Tree of Ages | 1 | 320 | / | 180 |
| Tree of Eternity | 1 | 330 | / | 200 |
| total: | 16 | 2710g | / | 950w |
| 0:03 | Wisp |
| 0:03 | Wisp |
| 0:08 | Altar of Elders |
| 0:15 | Moon Well |
| 0:25 | Wisp |
| 0:30 | Wisp |
| 0:49 | Wisp |
| 1:01 | Wisp |
| 1:12 | Hunter's Hall |
| 1:29 | Wisp |
| 1:40 | Moon Well |
| 2:02 | Ancient of War |
| 2:15 | Wisp |
| 2:21 | Ancient of War |
| 2:32 | Wisp |
| 2:35 | Wisp |
| 2:59 | Strength of the Moon |
| 3:06 | Huntress |
| 3:11 | Force of Nature |
| 3:21 | Moon Well |
| 3:31 | Huntress |
| 3:41 | Huntress |
| 4:05 | Huntress |
| 4:21 | Huntress |
| 4:47 | Huntress |
| 5:37 | Tree of Ages |
| 5:39 | Huntress |
| 6:18 | Huntress |
| 6:22 | Thorns Aura |
| 7:19 | Huntress |
| 7:20 | Huntress |
| 7:26 | Ancient of Wonders |
| 7:54 | Moon Well |
| 7:59 | Huntress |
| 8:21 | Ancient of Lore |
| 8:25 | Ancient of Lore |
| 8:49 | Wisp |
| 8:49 | Wisp |
| 9:27 | Moon Glaive |
| 9:35 | Dryad |
| 9:38 | Mountain Giant |
| 9:53 | Mountain Giant |
| 10:55 | Moon Well |
| 10:59 | Moon Well |
| 11:05 | Strength of the Wild |
| 11:41 | Tree of Eternity |
| 12:46 | Force of Nature |
| 13:59 | Mountain Giant |
| 13:59 | Mountain Giant |
| 14:34 | Huntress |
| 14:49 | Dryad |
| 14:54 | Dryad |
| 14:59 | Moon Well |
| 16:10 | Dryad |
| 16:11 | Dryad |
| 16:15 | Huntress |
| 16:15 | Huntress |
| 16:21 | Thorns Aura |
| 16:53 | Moon Well |
| 17:18 | Dryad |
| 18:21 | Force of Nature |
| 19:27 | Moon Well |
| 19:32 | Dryad |
| 20:30 | Fan of Knives |
| 20:40 | Dryad |
| 20:40 | Dryad |
| 21:51 | Tranquility |
| Select | 295 |
| Select group | 290 |
| Right click | 210 |
| Misc. action | 208 |
| Build/train/purchase | 54 |
| Assign group | 33 |
| Use ability | 27 |
| Resource trade | 5 |
| Remove unit | 3 |
| Minimap ping | 1 |

| Lesser Clarity Potion | 1 | 70 |
| Scroll of Regeneration | 1 | 100 |
| Dust of Appearance | 1 | 75 |
| total: | 3 | 245g |
| Peasant | 8 | 600 | / | 0 |
| Rifleman | 12 | 2460 | / | 360 |
| Mortar Team | 9 | 1620 | / | 630 |
| Flying Machine | 13 | 1300 | / | 390 |
| total: | 42 | 5980g | / | 1380w |
| Scout Tower | 1 | 30 | / | 20 |
| Guard Tower | 1 | 70 | / | 50 |
| Farm | 9 | 720 | / | 180 |
| Blacksmith | 1 | 140 | / | 60 |
| Altar of Kings | 1 | 180 | / | 50 |
| Barracks | 2 | 320 | / | 120 |
| Lumber Mill | 1 | 120 | / | 0 |
| Arcane Vault | 1 | 130 | / | 30 |
| Workshop | 1 | 140 | / | 140 |
| Keep | 1 | 320 | / | 210 |
| Castle | 1 | 360 | / | 210 |
| total: | 17 | 1780g | / | 600w |
| 0:04 | Peasant |
| 0:04 | Peasant |
| 0:21 | Farm |
| 0:24 | Peasant |
| 0:24 | Peasant |
| 0:25 | Peasant |
| 0:25 | Peasant |
| 0:25 | Peasant |
| 0:25 | Peasant |
| 0:56 | Blacksmith |
| 1:03 | Altar of Kings |
| 1:34 | Farm |
| 1:55 | Barracks |
| 2:32 | Farm |
| 2:44 | Lumber Mill |
| 3:04 | Rifleman |
| 3:05 | Rifleman |
| 3:43 | Summon Water Elemental |
| 4:30 | Arcane Vault |
| 4:32 | Rifleman |
| 4:32 | Rifleman |
| 4:38 | Scout Tower |
| 4:43 | Improved Masonry |
| 4:46 | Farm |
| 5:08 | Rifleman |
| 5:10 | Keep |
| 5:59 | Guard Tower |
| 6:11 | Barracks |
| 7:10 | Brilliance Aura |
| 7:24 | Rifleman |
| 7:24 | Rifleman |
| 7:26 | Black Gunpowder |
| 7:34 | Improved Lumber Harvesting |
| 7:44 | Workshop |
| 8:00 | Lesser Clarity Potion |
| 8:02 | Scroll of Regeneration |
| 8:11 | Long Rifles |
| 8:12 | Rifleman |
| 8:18 | Farm |
| 8:53 | Farm |
| 9:05 | Farm |
| 9:07 | Rifleman |
| 9:11 | Flare |
| 9:17 | Mortar Team |
| 9:52 | Brilliance Aura |
| 9:58 | Mortar Team |
| 9:58 | Mortar Team |
| 10:03 | Farm |
| 10:14 | Dust of Appearance |
| 11:11 | Refined Gunpowder |
| 11:14 | Mortar Team |
| 11:14 | Mortar Team |
| 12:35 | Farm |
| 13:26 | Rifleman |
| 13:28 | Summon Water Elemental |
| 13:56 | Rifleman |
| 13:59 | Castle |
| 14:54 | Summon Water Elemental |
| 15:05 | Mortar Team |
| 15:05 | Mortar Team |
| 15:05 | Mortar Team |
| 15:17 | Flak Cannons |
| 15:18 | Flying Machine |
| 15:18 | Flying Machine |
| 15:18 | Flying Machine |
| 15:18 | Flying Machine |
| 15:18 | Flying Machine |
| 16:07 | Flying Machine |
| 16:07 | Flying Machine |
| 16:29 | Flying Machine Bombs |
| 16:30 | Fragmentation Shards |
| 16:46 | Flying Machine |
| 17:47 | Flying Machine |
| 17:47 | Flying Machine |
| 17:47 | Flying Machine |
| 17:47 | Flying Machine |
| 18:27 | Brilliance Aura |
| 18:45 | Flying Machine |
| 18:46 | Mortar Team |
| 18:53 | Rifleman |
| Right click | 591 |
| Select group | 279 |
| Select | 273 |
| Misc. action | 114 |
| Build/train/purchase | 81 |
| Chat | 29 |
| Assign group | 26 |
| Minimap ping | 19 |
| Use ability | 10 |
| Remove unit | 7 |
| Resource trade | 4 |
| Esc | 1 |
205 units @ 25.7k
/ 2.9k
99 buildings @ 15.4k
/ 6.4k



| Scroll of Town Portal | 1 | 350 |
| Boots of Speed | 1 | 250 |
| total: | 2 | 600g |
| Peasant | 20 | 1500 | / | 0 |
| Footman | 11 | 1485 | / | 0 |
| Gryphon Rider | 10 | 2800 | / | 700 |
| total: | 41 | 5785g | / | 700w |
| Scout Tower | 7 | 210 | / | 140 |
| Guard Tower | 7 | 490 | / | 350 |
| Altar of Kings | 1 | 180 | / | 50 |
| Farm | 11 | 880 | / | 220 |
| Barracks | 1 | 160 | / | 60 |
| Town Hall | 3 | 1155 | / | 615 |
| Lumber Mill | 11 | 1320 | / | 0 |
| Blacksmith | 1 | 140 | / | 60 |
| Gryphon Aviary | 2 | 280 | / | 300 |
| Keep | 1 | 320 | / | 210 |
| Castle | 1 | 360 | / | 210 |
| total: | 37 | 4325g | / | 1445w |
| 0:03 | Altar of Kings |
| 0:05 | Farm |
| 0:05 | Peasant |
| 0:22 | Barracks |
| 0:24 | Peasant |
| 0:38 | Farm |
| 0:41 | Peasant |
| 0:57 | Peasant |
| 1:13 | Peasant |
| 1:26 | Footman |
| 1:29 | Peasant |
| 1:36 | Farm |
| 1:47 | Footman |
| 2:01 | Peasant |
| 2:06 | Summon Water Elemental |
| 2:09 | Footman |
| 2:22 | Peasant |
| 2:35 | Footman |
| 2:56 | Peasant |
| 2:56 | Peasant |
| 3:11 | Peasant |
| 3:12 | Footman |
| 3:31 | Footman |
| 3:31 | Footman |
| 3:38 | Brilliance Aura |
| 3:49 | Town Hall |
| 3:59 | Lumber Mill |
| 4:07 | Keep |
| 4:44 | Summon Water Elemental |
| 4:47 | Lumber Mill |
| 4:53 | Farm |
| 4:55 | Lumber Mill |
| 5:21 | Farm |
| 5:29 | Peasant |
| 6:21 | Footman |
| 6:21 | Footman |
| 6:25 | Lumber Mill |
| 6:33 | Peasant |
| 6:34 | Peasant |
| 6:34 | Peasant |
| 6:37 | Footman |
| 6:40 | Scout Tower |
| 6:51 | Footman |
| 7:13 | Castle |
| 7:31 | Lumber Mill |
| 7:40 | Farm |
| 7:41 | Gryphon Aviary |
| 7:44 | Gryphon Aviary |
| 7:47 | Blacksmith |
| 7:51 | Guard Tower |
| 7:53 | Scout Tower |
| 8:08 | Storm Bolt |
| 8:11 | Scout Tower |
| 8:19 | Farm |
| 9:10 | Guard Tower |
| 9:11 | Scout Tower |
| 9:13 | Guard Tower |
| 9:30 | Brilliance Aura |
| 9:39 | Guard Tower |
| 9:49 | Peasant |
| 9:50 | Peasant |
| 9:50 | Peasant |
| 9:50 | Gryphon Rider |
| 10:05 | Peasant |
| 10:15 | Scout Tower |
| 10:23 | Bash |
| 10:53 | Lumber Mill |
| 10:55 | Lumber Mill |
| 11:01 | Gryphon Rider |
| 11:03 | Iron Plating |
| 11:10 | Scout Tower |
| 11:24 | Farm |
| 11:43 | Improved Masonry |
| 11:44 | Peasant |
| 12:04 | Lumber Mill |
| 12:05 | Lumber Mill |
| 12:14 | Lumber Mill |
| 12:15 | Lumber Mill |
| 12:25 | Guard Tower |
| 12:46 | Gryphon Rider |
| 13:31 | Guard Tower |
| 14:00 | Storm Bolt |
| 14:14 | Holy Light |
| 14:37 | Divine Shield |
| 14:46 | Summon Water Elemental |
| 15:01 | Scout Tower |
| 15:10 | Town Hall |
| 15:14 | Storm Hammers |
| 15:25 | Gryphon Rider |
| 15:26 | Iron Forged Swords |
| 15:51 | Advanced Masonry |
| 15:56 | Gryphon Rider |
| 17:02 | Gryphon Rider |
| 17:37 | Gryphon Rider |
| 17:40 | Farm |
| 18:14 | Holy Light |
| 18:23 | Farm |
| 18:24 | Imbued Masonry |
| 18:48 | Gryphon Rider |
| 19:18 | Scroll of Town Portal |
| 19:30 | Guard Tower |
| 19:44 | Gryphon Rider |
| 20:37 | Bash |
| 20:38 | Boots of Speed |
| 21:34 | Gryphon Rider |
| 21:35 | Farm |
| 21:42 | Town Hall |
| 23:26 | Divine Shield |
| Right click | 1893 |
| Select | 748 |
| Select group | 622 |
| Chat | 335 |
| Misc. action | 198 |
| Build/train/purchase | 144 |
| Assign group | 43 |
| Use ability | 26 |
| Minimap ping | 7 |
| Resource trade | 4 |
| Esc | 3 |
| Item give/drop | 2 |


| Peon | 13 | 975 | / | 0 |
| Troll Headhunter | 20 | 2800 | / | 400 |
| Shaman | 16 | 2080 | / | 320 |
| Troll Berserker | 29 | 4060 | / | 580 |
| total: | 78 | 9915g | / | 1300w |
| Watch Tower | 1 | 110 | / | 80 |
| Altar of Storms | 1 | 180 | / | 50 |
| Orc Burrow | 7 | 1120 | / | 280 |
| War Mill | 1 | 205 | / | 0 |
| Barracks | 1 | 180 | / | 50 |
| Great Hall | 1 | 385 | / | 185 |
| Spirit Lodge | 1 | 150 | / | 150 |
| Stronghold | 1 | 315 | / | 190 |
| Fortress | 1 | 325 | / | 190 |
| total: | 13 | 2330g | / | 795w |
| 0:20 | Peon |
| 0:20 | Peon |
| 0:30 | Altar of Storms |
| 0:41 | Orc Burrow |
| 0:53 | War Mill |
| 1:03 | Peon |
| 1:39 | Barracks |
| 1:46 | Peon |
| 2:08 | Peon |
| 2:13 | Peon |
| 2:23 | Orc Burrow |
| 2:30 | Peon |
| 2:52 | Wind Walk |
| 2:54 | Troll Headhunter |
| 2:54 | Troll Headhunter |
| 3:20 | Steel Ranged Weapons |
| 3:22 | Troll Headhunter |
| 3:28 | Orc Burrow |
| 4:21 | Stronghold |
| 4:23 | Troll Headhunter |
| 4:26 | Steel Armor |
| 4:40 | Orc Burrow |
| 4:47 | Spiked Barricades |
| 4:56 | Troll Headhunter |
| 5:17 | Critical Strike |
| 5:40 | Troll Headhunter |
| 5:40 | Troll Headhunter |
| 5:45 | Watch Tower |
| 6:22 | Troll Headhunter |
| 6:23 | Troll Headhunter |
| 6:23 | Troll Headhunter |
| 7:09 | Troll Headhunter |
| 7:09 | Troll Headhunter |
| 7:13 | Orc Burrow |
| 7:15 | Peon |
| 7:15 | Peon |
| 7:30 | Spirit Lodge |
| 7:34 | Critical Strike |
| 7:48 | Troll Headhunter |
| 7:50 | Troll Regeneration |
| 8:06 | Thorium Ranged Weapons |
| 8:41 | Troll Headhunter |
| 8:43 | Shaman Adept Training |
| 8:50 | Orc Burrow |
| 9:59 | Great Hall |
| 10:28 | Fortress |
| 10:31 | Mirror Image |
| 10:34 | Healing Wave |
| 11:09 | Troll Headhunter |
| 11:10 | Troll Headhunter |
| 11:19 | Thorium Armor |
| 12:07 | Shaman |
| 13:24 | Shaman Master Training |
| 13:25 | Shaman |
| 13:25 | Shaman |
| 13:28 | Troll Headhunter |
| 13:29 | Berserker Upgrade |
| 13:29 | Troll Headhunter |
| 13:29 | Troll Headhunter |
| 13:30 | Troll Headhunter |
| 13:37 | Peon |
| 13:38 | Peon |
| 13:38 | Peon |
| 13:38 | Peon |
| 14:33 | Arcanite Ranged Weapons |
| 14:35 | Troll Berserker |
| 14:36 | Troll Berserker |
| 14:39 | Shaman |
| 15:06 | Arcanite Armor |
| 16:30 | Troll Berserker |
| 16:30 | Troll Berserker |
| 16:30 | Troll Berserker |
| 16:30 | Troll Berserker |
| 16:31 | Troll Berserker |
| 16:31 | Troll Berserker |
| 16:31 | Troll Berserker |
| 16:34 | Shaman |
| 16:34 | Shaman |
| 17:08 | Troll Berserker |
| 17:10 | Shaman |
| 17:50 | Serpent Ward |
| 18:45 | Troll Berserker |
| 18:45 | Troll Berserker |
| 18:46 | Troll Berserker |
| 18:46 | Troll Berserker |
| 18:46 | Troll Berserker |
| 18:53 | Shaman |
| 18:53 | Shaman |
| 18:53 | Shaman |
| 18:55 | Improved Spiked Barricades |
| 20:08 | Troll Berserker |
| 20:09 | Troll Berserker |
| 20:09 | Troll Berserker |
| 20:09 | Troll Berserker |
| 20:12 | Shaman |
| 20:12 | Shaman |
| 20:13 | Shaman |
| 20:29 | Orc Burrow |
| 20:52 | Reinforced Defenses |
| 20:54 | Troll Berserker |
| 20:54 | Troll Berserker |
| 20:55 | Troll Berserker |
| 22:45 | Critical Strike |
| 23:13 | Healing Wave |
| 23:24 | Troll Berserker |
| 23:24 | Troll Berserker |
| 23:25 | Troll Berserker |
| 23:25 | Troll Berserker |
| 23:26 | Shaman |
| 23:27 | Shaman |
| 23:27 | Shaman |
| 23:28 | Troll Berserker |
| 23:28 | Troll Berserker |
| 23:28 | Troll Berserker |
| Right click | 257 |
| Select | 206 |
| Build/train/purchase | 110 |
| Use ability | 11 |


| Lesser Clarity Potion | 1 | 70 |
| Potion of Healing | 2 | 300 |
| Potion of Mana | 1 | 200 |
| Anti-magic Potion | 2 | 200 |
| Scroll of Town Portal | 2 | 700 |
| Boots of Speed | 1 | 250 |
| Staff of Teleportation | 1 | 150 |
| Healing Salve | 1 | 100 |
| total: | 11 | 1970g |
| Wisp | 46 | 2760 | / | 0 |
| Chimaera | 6 | 1980 | / | 420 |
| total: | 52 | 4740g | / | 420w |
| Ancient Protector | 9 | 1215 | / | 720 |
| Moon Well | 11 | 1980 | / | 440 |
| Altar of Elders | 1 | 180 | / | 50 |
| Tree of Life | 4 | 1360 | / | 740 |
| Hunter's Hall | 1 | 210 | / | 100 |
| Ancient of Wonders | 1 | 90 | / | 30 |
| Ancient of Wind | 4 | 600 | / | 560 |
| Chimaera Roost | 3 | 420 | / | 570 |
| Tree of Ages | 1 | 320 | / | 180 |
| Tree of Eternity | 1 | 330 | / | 200 |
| total: | 34 | 6055g | / | 3210w |
| 0:58 | Wisp |
| 0:58 | Wisp |
| 0:58 | Wisp |
| 0:58 | Wisp |
| 1:02 | Moon Well |
| 1:08 | Altar of Elders |
| 1:30 | Wisp |
| 1:31 | Wisp |
| 1:31 | Wisp |
| 1:44 | Wisp |
| 2:16 | Wisp |
| 2:16 | Wisp |
| 2:16 | Wisp |
| 2:17 | Wisp |
| 2:35 | Black Arrow |
| 3:15 | Moon Well |
| 3:50 | Boots of Speed |
| 3:51 | Staff of Teleportation |
| 4:14 | Healing Salve |
| 4:14 | Lesser Clarity Potion |
| 4:34 | Tree of Life |
| 5:15 | Hunter's Hall |
| 5:16 | Wisp |
| 5:16 | Wisp |
| 5:16 | Wisp |
| 5:24 | Life Drain |
| 6:43 | Moon Well |
| 6:45 | Wisp |
| 6:45 | Wisp |
| 6:45 | Wisp |
| 6:46 | Wisp |
| 6:46 | Wisp |
| 7:05 | Tree of Ages |
| 7:07 | Ancient of Wonders |
| 7:10 | Moon Well |
| 7:18 | Life Drain |
| 7:49 | Moon Well |
| 7:52 | Strength of the Wild |
| 7:52 | Reinforced Hides |
| 7:58 | Ancient Protector |
| 7:59 | Ancient Protector |
| 8:01 | Ancient Protector |
| 8:34 | Ancient Protector |
| 8:35 | Ancient Protector |
| 8:37 | Ancient Protector |
| 8:39 | Moon Well |
| 9:37 | Wisp |
| 9:37 | Wisp |
| 9:37 | Wisp |
| 9:37 | Wisp |
| 9:46 | Tree of Life |
| 10:47 | Tree of Eternity |
| 11:15 | Wisp |
| 11:15 | Wisp |
| 11:15 | Wisp |
| 11:15 | Wisp |
| 11:15 | Wisp |
| 12:00 | Wisp |
| 12:00 | Wisp |
| 12:00 | Wisp |
| 12:00 | Wisp |
| 12:00 | Wisp |
| 12:09 | Scout |
| 13:49 | Chimaera Roost |
| 13:49 | Chimaera Roost |
| 13:50 | Chimaera Roost |
| 14:03 | Tree of Life |
| 14:24 | Wisp |
| 14:24 | Wisp |
| 14:24 | Wisp |
| 14:24 | Wisp |
| 14:24 | Wisp |
| 14:24 | Wisp |
| 14:25 | Wisp |
| 14:39 | Moon Well |
| 14:41 | Moon Well |
| 14:43 | Potion of Healing |
| 14:43 | Potion of Mana |
| 14:44 | Scroll of Town Portal |
| 15:11 | Corrosive Breath |
| 15:30 | Chimaera |
| 15:33 | Chimaera |
| 15:39 | Moon Well |
| 15:41 | Moon Well |
| 16:08 | Tree of Life |
| 16:29 | Chimaera |
| 16:35 | Chimaera |
| 16:40 | Moon Well |
| 16:45 | Scroll of Town Portal |
| 16:46 | Anti-magic Potion |
| 16:50 | Potion of Healing |
| 16:54 | Anti-magic Potion |
| 17:30 | Improved Strength of the Wild |
| 17:32 | Chimaera |
| 17:52 | Black Arrow |
| 18:12 | Chimaera |
| 18:35 | Ancient Protector |
| 18:36 | Ancient Protector |
| 18:38 | Ancient Protector |
| 19:04 | Trueshot Aura |
| 19:50 | Trueshot Aura |
| 20:02 | Wisp |
| 20:02 | Wisp |
| 20:02 | Wisp |
| 20:02 | Wisp |
| 20:03 | Wisp |
| 20:06 | Advanced Strength of the Wild |
| 21:03 | Life Drain |
| 21:55 | Ancient of Wind |
| 21:57 | Ancient of Wind |
| 22:01 | Ancient of Wind |
| 22:12 | Ancient of Wind |
| 22:14 | Improved Reinforced Hides |
| 22:14 | Ultravision |
| 22:14 | Well Spring |
| Right click | 408 |
| Select | 233 |
| Select group | 202 |
| Chat | 103 |
| Build/train/purchase | 94 |
| Assign group | 53 |
| Use ability | 38 |
| Resource trade | 13 |
| Item give/drop | 2 |
| Minimap ping | 2 |
| Remove unit | 1 |


| Healing Salve | 1 | 100 |
| Lesser Clarity Potion | 2 | 140 |
| Orb of Venom | 1 | 325 |
| total: | 4 | 565g |
| Peon | 16 | 1200 | / | 0 |
| Grunt | 3 | 600 | / | 0 |
| Troll Headhunter | 4 | 560 | / | 80 |
| Wind Rider | 11 | 2915 | / | 440 |
| total: | 34 | 5275g | / | 520w |
| Altar of Storms | 2 | 360 | / | 100 |
| Orc Burrow | 7 | 1120 | / | 280 |
| Barracks | 1 | 180 | / | 50 |
| Voodoo Lounge | 1 | 130 | / | 30 |
| War Mill | 1 | 205 | / | 0 |
| Great Hall | 1 | 385 | / | 185 |
| Beastiary | 2 | 290 | / | 280 |
| Stronghold | 1 | 315 | / | 190 |
| Fortress | 1 | 325 | / | 190 |
| total: | 15 | 2670g | / | 925w |
| 0:04 | Peon |
| 0:05 | Peon |
| 0:09 | Altar of Storms |
| 0:13 | Orc Burrow |
| 0:40 | Barracks |
| 0:46 | Peon |
| 1:05 | Peon |
| 1:10 | Peon |
| 1:42 | Grunt |
| 1:49 | Voodoo Lounge |
| 2:03 | Orc Burrow |
| 2:28 | Wind Walk |
| 2:32 | Peon |
| 2:43 | War Mill |
| 3:06 | Grunt |
| 3:16 | Peon |
| 3:34 | Healing Salve |
| 3:46 | Peon |
| 3:46 | Peon |
| 3:54 | Grunt |
| 4:10 | Critical Strike |
| 4:32 | Stronghold |
| 4:47 | Troll Headhunter |
| 5:35 | Critical Strike |
| 5:52 | Troll Headhunter |
| 5:53 | Steel Armor |
| 5:55 | Orc Burrow |
| 7:27 | Troll Headhunter |
| 7:30 | Fortress |
| 7:32 | Beastiary |
| 7:39 | Great Hall |
| 7:42 | Orc Burrow |
| 7:55 | Troll Regeneration |
| 8:01 | Steel Ranged Weapons |
| 8:34 | Troll Headhunter |
| 8:38 | Beastiary |
| 9:12 | Orc Burrow |
| 9:21 | Thorium Ranged Weapons |
| 9:28 | Wind Walk |
| 9:46 | Wind Rider |
| 10:30 | Peon |
| 10:30 | Peon |
| 10:33 | Wind Rider |
| 10:34 | Envenomed Spears |
| 10:52 | Wind Rider |
| 11:13 | Wind Rider |
| 11:28 | Wind Rider |
| 12:14 | Wind Rider |
| 12:19 | Wind Walk |
| 12:36 | Wind Rider |
| 13:38 | Wind Rider |
| 13:41 | Healing Wave |
| 14:20 | Wind Rider |
| 14:26 | Arcanite Ranged Weapons |
| 14:57 | Wind Rider |
| 15:10 | Orc Burrow |
| 15:20 | Wind Rider |
| 15:44 | Thorium Armor |
| 16:41 | Hex |
| 17:11 | Altar of Storms |
| 17:13 | Peon |
| 17:13 | Peon |
| 17:18 | Orc Burrow |
| 17:40 | Peon |
| 17:41 | Peon |
| 19:53 | Peon |
| 20:27 | Orb of Venom |
| 20:40 | Lesser Clarity Potion |
| 20:42 | Lesser Clarity Potion |
| 22:38 | Bladestorm |
| Right click | 722 |
| Select | 352 |
| Build/train/purchase | 74 |
| Chat | 13 |
| Use ability | 12 |
| Minimap ping | 10 |
| Resource trade | 4 |
| Remove unit | 1 |
⇛